 Dungeon Crawl Stone Soup version 0.28.0-1-gb440e238dd (webtiles) character file.

Game seed: 5309452062346971512

2 pkoi the Firebug (level 1, -1/14 HPs)
             Began as a Draconian Fire Elementalist on Feb 21, 2022.
             Slain by a gnoll (4 damage)
             ... on level 1 of the Dungeon.
             The game lasted 00:00:17 (51 turns).

pkoi the Firebug (Draconian Fire Elementalist)        Turns: 51, Time: 00:00:18

Health: -1/14      AC:  4    Str: 10    XL:     1   Next: 25%
Magic:  2/3        EV: 12    Int: 15    God:
Gold:   5          SH:  0    Dex: 11    Spells: 3/4 levels left

rFire   . . .      SeeInvis .   (no weapon)
rCold   . . .      Faith    .   (no shield)
rNeg    . . .      Spirit   .   (armour unavailable)
rPois   .          Reflect  .   (helmet restricted)
rElec   .          Harm     .   (no cloak)
rCorr   .          Rampage  .   (no gloves)
Will    .....                   (no boots)
Stlth   ++........              (no amulet)
HPRegen 0.04/turn               (no ring)
MPRegen 0.08/turn               (no ring)

@: no status effects
A: AC +4, unfitting armour, cold-blooded
a: no special abilities


You were on level 1 of the Dungeon.
You visited 1 branch of the dungeon, and saw 1 of its levels.

You collected 5 gold pieces.

Inventory:

Hand Weapons
 b - a +0 whip
Scrolls
 a - 2 scrolls of identify {unknown}


   Skills:
 - Level 1.7 Dodging
 - Level 1.7 Stealth
 + Level 2.0 Spellcasting
 * Level 1.1 Conjurations
 * Level 3.0 Fire Magic


You had 3 spell levels left.
You knew the following spells:

 Your Spells              Type           Power      Damage    Failure   Level
a - Foxfire               Conj/Fire      28%        2x1d5     10%         1

Your spell library contained the following spells:

 Spells                   Type           Power      Damage    Failure   Level
 Scorch                   Fire           20%        2d6       10%         2
 Conjure Flame            Conj/Fire      7%         6-21      28%         3
 Inner Flame              Hex/Fire       6%         N/A       34%         3
 Flame Wave               Conj/Fire      7%         2d5       67%         4


Dungeon Overview and Level Annotations

Branches:
Dungeon (1/15)

Altars:


Innate Abilities, Weirdness & Mutations

Your plain brown scales are hard. (AC +4)
You cannot fit into any form of body armour.
You are cold-blooded and may be slowed by cold attacks.


Message History

a - a scroll labelled NIGESHRIZUO Your foxfire dissipates!
A jackal comes into view.
A rat and a jackal come into view.
The jackal barks!
Found a stone staircase leading down.
You see here a scroll labelled NIGESHRIZUO.
a - 2 scrolls labelled NIGESHRIZUO (gained 1)
The jackal barks!
You hear a shout!
The jackal bites you.
A gnoll comes into view. It is wielding a +2 spear of flaming.
The jackal bites you but does no damage.
A rat comes into view.
Unknown command.
You hit the jackal but do no damage.
Your tail-slap misses the jackal.
The jackal barely misses you. x2
Unknown command.
You barely miss the jackal.
Your tail-slap misses the jackal.
The jackal bites you.
* * * LOW HITPOINT WARNING * * *
Unknown command.
The jackal barely misses you. The jackal bites you.
* * * LOW HITPOINT WARNING * * *
The jackal closely misses you. The jackal misses you.
The jackal bites you but does no damage.
The gnoll barely misses you. The gnoll hits you but does no damage.
The jackal closely misses you. The rat bites you.
* * * LOW HITPOINT WARNING * * *
The jackal bites you.
* * * LOW HITPOINT WARNING * * *
Things that are here:
a +0 whip; a stone; a kobold corpse
b - a +0 whip The rat closely misses you.
The rat bites you.
* * * LOW HITPOINT WARNING * * *
The jackal closely misses you. The gnoll misses you.
The gnoll hits you from afar with a +2 spear of flaming.
You die...

## .. #. #. .# #. #.
.# ....##. #.#
#....#####..# .
#@hr.#.# #. #r.h...#
.#.# #.g...## .....
#.....# #
##...#####....###..#
..................#
.......###....#####
................#####
>.....#.##..........#


You could see a gnoll, 2 jackals and 2 rats.

Vanquished Creatures
  An endoplasm (D:1)
  A kobold (D:1)
2 creatures vanquished.

Vanquished Creatures (others)
  6 foxfires (D:1)
6 creatures vanquished.

Grand Total: 8 creatures vanquished

Notes
Turn   | Place    | Note
-------+----------+-------------------------------------------
     0 | D:1      | pkoi the Draconian Fire Elementalist began the quest for
                  | the Orb.
     0 | D:1      | Reached XP level 1. HP: 14/14 MP: 3/3
    51 | D:1      | Slain by a gnoll

Illustrated notes

Levels and vault maps discovered:
D:1:      tarquinn_simple_flora_water_c, layout_rooms, minmay_hexomino_p4

Action                   || total
-------------------------++-------
Melee: Unarmed           ||     2
 Cast: Foxfire           ||     3
Armor: Skin              ||     3
Dodge: Dodged            ||    10
